 Dungeon Crawl Stone Soup version 0.31-a0-631-g285b096dc4 (webtiles) character file.

Game seed: 8284196055044860280

18 Crownlay the Chopper (level 2, 0/26 HPs)
             Began as a Hill Orc Monk on Aug 26, 2023.
             Slain by an adder (3 damage)
             ... on level 2 of the Dungeon.
             The game lasted 00:00:19 (290 turns).

Crownlay the Chopper (Hill Orc Monk)                 Turns: 290, Time: 00:00:19

Health: 0/26       AC:  2    Str: 13    XL:     2   Next: 66%
Magic:  2/2        EV: 12    Int: 10    God:
Gold:   22         SH:  0    Dex: 13    Spells: 1/1 levels left

rFire   . . .        a - +0 hand axe
rCold   . . .        d - orb {light}
rNeg    . . .        b - +0 robe
rPois   .            (no helmet)
rElec   .            (no cloak)
rCorr   .            (no gloves)
SInv    .            (no boots)
Will    .....        (no amulet)
Stlth   +            (no ring)
HPRegen 0.24/turn    (no ring)
MPRegen 0.08/turn

%: no passive effects
@: lethally poisoned (0 -> -4), glowing
A: no striking features
a: no special abilities


You were on level 2 of the Dungeon.
You visited 1 branch of the dungeon, and saw 2 of its levels.

You collected 22 gold pieces.

Inventory:

Hand Weapons
 a - a +0 hand axe (weapon)
Armour
 b - a +0 robe (worn)
 d - an orb of light (worn)
Potions
 c - a potion of ambrosia


   Skills:
 - Level 3.6 Fighting
 * Level 5.2 Axes
 - Level 2.4 Dodging


You had one spell level left.
You didn't know any spells.
Your spell library was empty.

Dungeon Overview and Level Annotations

Branches:
Dungeon (1/15)

Altars:

Shops:
D:1 =

Annotations:
D:1 2 transporters


Message History

You hit the adder.
You kill the adder!
You feel sick. The adder bites you.
Your Axes skill increases to level 5!
You slash the adder!
The adder is almost dead.
You feel sick.
You are no longer poisoned.
The adder completely misses you.
You barely miss the adder.
The adder is almost dead.
The adder bites you but does no damage.
You hit the adder.
The adder is almost dead.
The adder bites you.
You are poisoned.
The adder poisons you! The adder closely misses you.
You barely miss the adder.
The adder is almost dead.
You feel sick. The adder bites you.
You are more poisoned.
The adder poisons you!
You are too injured to fight recklessly!
You are too injured to fight recklessly!
You are too injured to fight recklessly!
You are too injured to fight recklessly!
You barely miss the adder.
The adder is almost dead.
You feel sick. The adder bites you but does no damage.
You closely miss the adder.
The adder is almost dead.
* * * LOW HITPOINT WARNING * * *
You feel sick. The adder bites you.
* * * LOW HITPOINT WARNING * * *
The adder closely misses you.
You barely miss the adder.
The adder is almost dead.
* * * LOW HITPOINT WARNING * * *
You feel sick. The adder bites you.
You die...

#.# .. #.#
.# #.# ##.#
#.# ...###
##.## .....
##...## ...
#.#.....##S#
#........@†#
#####.######
#.# #.# #+#


You could see an adder.

Vanquished Creatures
  An adder (D:2)
  A ball python (D:1)
  An endoplasm (D:1)
  A giant cockroach (D:1)
  A hobgoblin (D:1)
  2 quokkas (D:1)
  A bat (D:1)
8 creatures vanquished.

Notes
Turn   | Place    | Note
-------+----------+-------------------------------------------
     0 | D:1      | Crownlay the Hill Orc Monk began the quest for the Orb.
     0 | D:1      | Reached XP level 1. HP: 19/19 MP: 1/1
   139 | D:1      | Found a transporter.
   141 | D:1      | Found Qiep's Jewellery Shop.
   195 | D:1      | Reached XP level 2. HP: 24/26 MP: 2/2
   227 | D:1      | Found a transporter.
   274 | D:1      | You fall into a shaft and drop 1 floor!
   284 | D:2      | Reached skill level 5 in Axes
   290 | D:2      | Slain by an adder

Illustrated notes

Levels and vault maps discovered:
D:1:      heliophobic_arrival_enchanted_forest, layout_basic, serial_shops,
          shop_statue, nicolae_shop_drivethru, minmay_pentomino_p4
D:2:      layout_loops_corners

Skill      XL: |  1  2 |
---------------+-------+-----
Axes           | 5 |  5.2
Fighting       | |  3.6
Dodging        | |  2.4

Action                     || total
---------------------------++-------
  Melee: Hand axe          ||    25
 Armour: Robe              ||     5
  Dodge: Dodged            ||    12

Table legend: (Time is in decaauts)
 A = Elapsed time spent in this place.
 B = Non-inter-level travel time spent in this place.
 C = Inter-level travel time spent in this place.
 D = Time resting spent in this place.
 E = Time spent auto-exploring this place.
 F = Levels seen in this place.
 G = Mean time per level.
                   A        B        C        D        E       F      G
               +--------+--------+--------+--------+--------+-----+--------+
         Total |    291 |    291 |      0 |      0 |    241 |   2 |  145.5 |
       Dungeon |    291 |    291 |      0 |      0 |    241 |   2 |  145.5 |
               +--------+--------+--------+--------+--------+-----+--------+

Top non-repeatable levels by time:
     D:1: 275 daAuts
     D:2: 16 daAuts
